 Dungeon Crawl Stone Soup version 0.31-a0-1606-g60c5cc7444 (webtiles) character file.

Game seed: 9178413162093801499

670 NoAnimeNoLife the Apothecary (level 7, -11/28 HPs)
             Began as a Felid Hedge Wizard on Jan 8, 2024.
             Mangled by an ice beast (13 damage)
             ... on level 5 of the Dungeon.
             The game lasted 00:10:41 (7883 turns).

NoAnimeNoLife the Apothecary (Felid Hedge Wizard)   Turns: 7883, Time: 00:10:41

Health: -11/28     AC:  2    Str:  7    XL:     7   Next: 32%
Magic:  9/14       EV: 20    Int: 16    God:
Gold:   166        SH:  0    Dex: 20    Spells: 4/14 levels left
                                        Lives:  0   Deaths: 3

rFire   . . .        (weapon unavailable)
rCold   . . .        (shield unavailable)
rNeg    . . .        (body armour unavailable)
rPois   .            (helmet unavailable)
rElec   .            (cloak unavailable)
rCorr   .            (gloves unavailable)
SInv    +            (boots unavailable)
Will    +....        (no amulet)
Stlth   ++++         (no ring)
HPRegen 0.24/turn    (no ring)
MPRegen 0.14/turn

%: no passive effects
@: no status effects
A: very small, claws 1, fangs 3, see invisible, shaggy fur 2, stealthy paws, no
weapons or thrown items, no armour, multi-lived, camouflage 1, agile 1, frail 1
a: no special abilities


You were on level 5 of the Dungeon.
You visited 1 branch of the dungeon, and saw 5 of its levels.

You collected 166 gold pieces.

Inventory:

Jewellery
 d - a +6 ring of dexterity
Talismans
 p - a flux talisman
Scrolls
 c - 2 scrolls of enchant weapon
 e - 2 scrolls of poison
 g - 2 scrolls of vulnerability
 k - 2 scrolls of immolation
 m - a scroll of amnesia
 o - a scroll of silence
Potions
 b - 2 potions of enlightenment {unknown}
 f - 2 potions of berserk rage {unknown}
 i - a potion of ambrosia {unknown}
 j - a potion of haste {unknown}
 l - 2 potions of mutation
 n - a potion of brilliance {unknown}


   Skills:
 - Level 4.8 Dodging
 - Level 5.0 Stealth
 - Level 4.0 Spellcasting
 - Level 1.0 Conjurations
 - Level 1.2 Summonings
 - Level 1.7 Translocations
 * Level 5.2 Alchemy


You had 4 spell levels left.
You knew the following spells:

 Your Spells              Type           Power      Damage    Failure   Level
a - Magic Dart            Conj           24%        1d4       11%         1
b - Olgreb's Toxic Radia  Alch           20%        N/A       19%         4
c - Call Imp              Summ           14%        N/A       16%         2
d - Sting                 Conj/Alch      52%        1d6       4%          1
e - Blink                 Tloc           16%        N/A       12%         2

Your spell library contained the following spells:

 Spells                   Type           Power      Damage    Failure   Level
 Apportation              Tloc           16%        N/A       9%          1
 Mercury Vapours          Alch/Air       22%        N/A       9%          2
 Cigotuvi's Dreadful Rot  Necr/Alch/Air  16%        N/A       12%         2
 Slow                     Hex            12%        N/A       17%         1
 Mephitic Cloud           Conj/Alch/Air  9%         N/A       22%         3
 Jinxbite                 Hex            6%         N/A       26%         2
 Fugue of the Fallen      Necr           3%         N/A       45%         3
 Ozocubu's Armour         Ice            3%         N/A       45%         3
 Manifold Assault         Tloc           8%         N/A       63%         4
 Alistair's Intoxication  Alch           13%        N/A       47%         5
 Haunt                    Necr/Summ      2%         N/A       100%        7
 Borgnjor's Revivificati  Necr           1%         N/A       100%        8
 Death's Door             Necr           1%         N/A       100%        9


Dungeon Overview and Level Annotations

Branches:
Dungeon (5/15)
 Temple: D:4-7

Altars:
Dithmenos
Zin
The Shining One

Shops:
D:2 =


Innate Abilities, Weirdness & Mutations

You have sharp claws.
You have razor-sharp teeth.
You have supernaturally acute eyesight. (SInv)
You are covered in thick fur. (AC +2)
Your paws help you pounce on unaware monsters.
You are incapable of wielding weapons or throwing items.
You cannot wear armour.
You gain extra lives every three experience levels.
Your skin changes colour to match your surroundings (Stealth+).
You are agile. (Dex +4, Str/Int -1)
You are frail. (-10% HP)


Message History

Your cerulean imp barely misses the ice beast.
Casting: Sting (safe; 4% risk of failure)
Confirm with . or Enter, or press ? or * to list all spells.
Aiming: Sting (safe; 4% risk of failure)
Press: ? - help, Shift-Dir - straight line, f/p - ice beast
Aim: an ice beast (ally target, 71% to hit)
The sting hits the ice beast.
The ice beast is poisoned.
The ice beast is lightly wounded.
Your cerulean imp hits the ice beast but does no damage.
Casting: Sting (safe; 4% risk of failure)
Confirm with . or Enter, or press ? or * to list all spells.
Aiming: Sting (safe; 4% risk of failure)
Press: ? - help, Shift-Dir - straight line, f/p - ice beast
Aim: an ice beast (lightly wounded, poisoned, ally target, 71% to hit)
The sting hits the ice beast.
The ice beast looks even sicker.
The ice beast is lightly wounded.
The ice beast hits you. The ice beast freezes you!
Your cerulean imp closely misses the ice beast.
Casting: Sting (safe; 4% risk of failure)
Confirm with . or Enter, or press ? or * to list all spells.
Aiming: Sting (safe; 4% risk of failure)
Press: ? - help, Shift-Dir - straight line, f/p - ice beast
Aim: an ice beast (lightly wounded, very poisoned, ally target, 71% to hit)
The sting hits the ice beast but does no damage.
The ice beast looks even sicker.
The ice beast is lightly wounded.
The ice beast completely misses you.
Your cerulean imp barely misses the ice beast.
You barely miss the ice beast.
The ice beast is lightly wounded.
The ice beast hits you. The ice beast freezes you!
* * * LOW HITPOINT WARNING * * *
Your cerulean imp completely misses the ice beast.
Okay, then.
Your cerulean imp barely misses the ice beast.
The ice beast attacks as it pursues you!
The ice beast hits you.
* * * LOW HITPOINT WARNING * * *
The ice beast freezes you!
You die...

#### ############
....###.....#.....
..................
......>...........
..................
..................
?......@).........
.......Y..........
.................. .
.......$..........
.#
........5.........
...
.......?...######...
...........######.#
...........)......#
.>.............####


You could see an ice beast (very poisoned, ally target) and a friendly cerulean
imp (summoned).

Vanquished Creatures
  An ogre (D:5)
  A centaur (D:5)
  A phantom (D:4)
  2 hounds (D:4)
  Robin (D:3)
  6 adders
  A white imp (D:4)
  2 ufetubi (D:3)
  3 dart slugs
  2 orcs
  8 ball pythons
  10 endoplasms
  3 giant cockroaches
  14 goblins
  8 hobgoblins
  3 jackals (D:3)
  5 kobolds
  2 quokkas (D:4)
  9 bats
  4 frilled lizards
  7 rats
93 creatures vanquished.

Vanquished Creatures (collateral kills)
  A scorpion (D:4)
  A howler monkey (D:4)
  A bombardier beetle (D:3)
  Natasha (D:2)
  An orc wizard (D:4)
  A ribbon worm (D:2)
  4 orcs (D:4)
  A hobgoblin (D:3)
  A ball python (D:3)
  A rat (D:3)
13 creatures vanquished.

Grand Total: 106 creatures vanquished

Notes
Turn   | Place    | Note
-------+----------+-------------------------------------------
     0 | D:1      | NoAnimeNoLife the Felid Hedge Wizard began the quest for
                  | the Orb.
     0 | D:1      | Reached XP level 1. HP: 9/9 MP: 5/5
   164 | D:1      | Reached skill level 1 in Conjurations
   428 | D:1      | Reached XP level 2. HP: 13/13 MP: 4/7
   868 | D:1      | Learned a level 2 spell: Blink
   871 | D:1      | Learned a level 2 spell: Call Imp
  1258 | D:1      | Reached XP level 3. HP: 16/16 MP: 3/8
  1614 | D:2      | Identified the +1 robe of Decaying Intercession {rN+ rCorr}
  1626 | D:2      | Found Borar's Jewellery Shoppe.
  1802 | D:2      | Noticed Natasha
  1834 | D:2      | Killed Natasha
  1958 | D:2      | Reached XP level 4. HP: 21/21 MP: 7/9
  1958 | D:2      | Gained a life (2 lives remaining)
  2543 | D:2      | Reached skill level 5 in Stealth
  3136 | D:3      | Slain by an ufetubus
  3136 | D:3      | Lost a life (1 life remaining)
  3350 | D:3      | Reached skill level 1 in Alchemy
  3350 | D:3      | Reached XP level 5. HP: 24/24 MP: 1/10
  4001 | D:3      | Noticed Robin
  4021 | D:3      | Killed Robin
  4476 | D:3      | Found a glowing silver altar of Zin.
  4476 | D:3      | Noticed an angel
  4689 | D:3      | Identified the +3 spear of NoAnimeNoLife's Terror {heavy,
                  | +Blink Str+3 Int+3 Dex-4}
  4758 | D:4      | Found a shadowy altar of Dithmenos.
  4823 | D:4      | HP: 1/24 [poisoned by a scorpion]
  4823 | D:4      | Mangled by a scorpion
  4823 | D:4      | Lost a life (0 lives remaining)
  4847 | D:4      | Noticed a phantom
  4854 | D:4      | Gained mutation: You are frail. (-10% HP) [potion of
                  | mutation]
  4854 | D:4      | Gained mutation: You are agile. (Dex +4, Str/Int -1)
                  | [potion of mutation]
  4854 | D:4      | Gained mutation: Your skin changes colour to match your
                  | surroundings (Stealth+). [potion of mutation]
  4866 | D:4      | Found a glowing golden altar of the Shining One.
  4886 | D:4      | Killed a phantom
  4887 | D:4      | Gained mutation: You are covered in thick fur. (AC +2)
                  | [Felid growth]
  4887 | D:4      | Reached XP level 6. HP: 18/25 MP: 0/12
  5047 | D:4      | HP: 1/25 [white imp/puff of frost (4)]
  6507 | D:3      | Learned a level 1 spell: Sting
  7371 | D:5      | Entered Level 5 of the Dungeon
  7439 | D:5      | Reached XP level 7. HP: 8/28 MP: 0/14
  7439 | D:5      | Gained a life (1 life remaining)
  7642 | D:5      | HP: 1/28 [phantom (5)]
  7775 | D:4      | Learned a level 4 spell: Olgreb's Toxic Radiance
  7871 | D:5      | Slain by an ogre
  7871 | D:5      | Lost a life (0 lives remaining)
  7877 | D:5      | Reached skill level 5 in Alchemy
  7883 | D:5      | Mangled by an ice beast

Illustrated notes

Levels and vault maps discovered:
D:1:      matt_arrival_los_fun, layout_basic
D:2:      layout_basic, serial_shops, nicolae_shop_tiny_waterfront,
          serial_bayou, serial_bayou_pond_e, serial_bayou_shore_b,
          serial_bayou_lake_a, serial_bayou_shore_b, uniq_natasha
D:3:      layout_basic, zin_angel, uniq_robin
D:4:      layout_layer_cave, tso_metal_star, mainiacjoe_overflow_brackets,
          amcnicky_mini_rare_corridor_liquid, minmay_checkerbox
D:5:      layout_rooms, lemuel_tele_altar

Skill      XL: |  1  2  3  4  5  6  7 |
---------------+----------------------+-----
Conjurations   | 1 |  1.0
Stealth        | 3 4 5 |  5.0
Dodging        | 3 4 |  4.8
Alchemy        | 1 2 4 5 |  5.2
Spellcasting   | 4 |  4.0
Summonings     | |  1.2
Translocations | |  1.7

Action                     |  1- 3 |  4- 6 |  7- 9 || total
---------------------------+-------+-------+-------++-------
  Melee: Unarmed           |     7 |    71 |     6 ||    84
         Bite              |       |     6 |       ||     6
         Punch             |       |     2 |       ||     2
   Cast: Magic Dart        |    93 |   259 |    17 ||   369
         Call Imp          |     3 |    27 |     4 ||    34
         Blink             |       |     1 |     1 ||     2
         Sting             |       |       |     4 ||     4
         Olgreb's Toxic Ra |       |       |     2 ||     2
    Use: Scroll            |       |    11 |     3 ||    14
         Potion            |       |     5 |     1 ||     6
   Stab: Distracted        |       |     1 |       ||     1
 Armour: Skin              |    13 |    97 |    12 ||   122
  Dodge: Dodged            |    18 |   215 |    25 ||   258

Table legend: (Time is in decaauts)
 A = Elapsed time spent in this place.
 B = Non-inter-level travel time spent in this place.
 C = Inter-level travel time spent in this place.
 D = Time resting spent in this place.
 E = Time spent auto-exploring this place.
 F = Levels seen in this place.
 G = Mean time per level.
                   A        B        C        D        E       F      G
               +--------+--------+--------+--------+--------+-----+--------+
         Total |   7903 |   7622 |    281 |    998 |   5314 |   5 | 1580.6 |
       Dungeon |   7903 |   7622 |    281 |    998 |   5314 |   5 | 1580.6 |
               +--------+--------+--------+--------+--------+-----+--------+

Top non-repeatable levels by time:
     D:4: 2750 daAuts
     D:3: 1911 daAuts
     D:1: 1604 daAuts
     D:2: 1365 daAuts
     D:5: 270 daAuts
